AoeStats
← TheQuietRiot

Arabia

507674735Analyzed
1v1 RM · 13d ago on Sep 19, 2026· 50m 39s· 2 players
Game mode
Random Map
Map size
Tiny (2 player)
Population
200
Speed
Normal
Resources
Standard
Victory
Conquest
Starting age
Dark Age
Ending age
Imperial Age
RankedLock teamsTeams togetherTeam positionsShared explorationLock speedFull tech treeHidden civsTurbo modeCheats
Victory
Defeat
🇬🇧 Britons · United Kingdom
985
+17
🇹🇷 Spanish · Türkiye
1008
-17
TheQuietRiot
9:55 Feudal Age
9:53 Loom
10:37 Double-Bit Axe
14:36 Fletching
21:26 Castle Age
19:47 Gold Mining
20:43 Horse Collar
21:27 Crossbowman
22:13 Bodkin Arrow
22:20 Padded Archer Armor
22:38 Squires
22:00 Pikeman
23:46 Stone Mining
27:13 Wheelbarrow
27:43 Leather Archer Armor
27:39 Forging
27:17 Gambesons
36:17 Hand Cart
38:54 Gold Shaft Mining
40:45 Heavy Plow
41:25 Iron Casting
42:06 Bow Saw
43:32 Town Watch
47:49 Imperial Age
45:38 Scale Mail Armor
46:44 Ballistics
48:07 Arbalester
50:13 Chemistry
50:22 Bracer
ronadinio
7:08 Loom
10:05 Feudal Age
16:49 Castle Age
15:09 Stone Mining
15:56 Double-Bit Axe
24:10 Padded Archer Armor
24:57 Bloodlines
30:48 Padded Archer Armor
31:42 Husbandry
32:53 Wheelbarrow
33:26 Wheelbarrow
34:13 Town Watch
34:48 Horse Collar
39:56 Scale Barding Armor
40:51 Bow Saw
41:41 Chain Barding Armor
41:29 Gold Mining
43:33 Heavy Plow
43:58 Forging
45:32 Ballistics
47:19 Iron Casting
Connection lost

Rejoining the realm…

Still unreachable

The connection could not be restored.

Session expired

The server has moved on; the page needs a fresh start.